 Dungeon Crawl Stone Soup version 0.27-a0-1579-g97d2440184 (webtiles) character file.

Game seed: 17033716502901563844

1881 Zonian the Sneak (level 9, 0/45 HPs)
             Began as a Vine Stalker Conjurer on July 17, 2021.
             Was a Believer of Uskayaw.
             Slain by a troll (7 damage)
             ... on level 6 of the Dungeon.
             The game lasted 00:11:23 (8389 turns).

Zonian the Sneak (Vine Stalker Conjurer)            Turns: 8389, Time: 00:11:23

Health: 0/45       AC:  6    Str: 10    XL:     9   Next: 14%
Magic:  0/15       EV: 14    Int: 24    God:    Uskayaw [**....]
Gold:   325        SH:  0    Dex: 16    Spells: 12/15 levels left

rFire    . . .     SeeInvis .   i - +3 dagger (venom)
rCold    . . .     Faith    .   (no shield)
rNeg     . . .     Spirit   +   a - +1 robe
rPois    .         Reflect  .   j - +2 helmet
rElec    .         Harm     .   (no cloak)
rCorr    .         Rampage  .   (no gloves)
Will     +....                  (no boots)
Stlth    ++++......             (no amulet)
HPRegen  1.15/turn              p - +6 ring of intelligence
MPRegen  0.14/turn              (no ring)

@: no status effects
A: fangs 3, regeneration 1, magic shield, antimagic bite, no potion heal 2
a: Renounce Religion, Stomp, Line Pass


You were on level 6 of the Dungeon.
You worshipped Uskayaw.
Uskayaw was noncommittal.
You visited 2 branches of the dungeon, and saw 7 of its levels.

You collected 325 gold pieces.

Inventory:

Hand Weapons
 d - a +0 dagger
 f - a +4 flail of protection
 i - a +3 dagger of venom (weapon)
 s - a +2 dagger of venom
 u - a +0 vampiric whip
Missiles
 t - 11 boomerangs
 y - 5 curare-tipped darts
Armour
 a - a +1 robe (worn)
 j - a +2 helmet (worn)
Jewellery
 p - a +6 ring of intelligence (left hand)
 q - a ring of protection from fire
 v - an amulet of reflection
Wands
 x - a wand of acid (7)
Scrolls
 e - a scroll of enchant armour
 g - a scroll of identify
 h - 4 scrolls of fog
 n - 3 scrolls of teleportation
Potions
 b - a potion of ambrosia {unknown}
 c - 2 potions of attraction
 k - 2 potions of flight {unknown}
 m - 2 potions of heal wounds
 o - a potion of curing
 r - a potion of lignification


   Skills:
 + Level 4.2 Fighting
 + Level 4.1 Short Blades
 + Level 4.2 Dodging
 + Level 7.0 Stealth
 - Level 3.9 Spellcasting
 + Level 5.6 Conjurations
 + Level 3.0 Invocations


You had 12 spell levels left.
You knew the following spells:

 Your Spells              Type           Power      Damage    Failure   Level
a - Magic Dart            Conj           100%       1d8       1%          1
b - Searing Ray           Conj           62%        3d5       1%          2

Your spell library contained the following spells:

 Spells                   Type           Power      Damage    Failure   Level
 Apportation              Tloc           8%         N/A       10%         1
 Dazzling Flash           Conj/Hex       36%        N/A       10%         3
 Fulminant Prism          Conj/Hex       9%         3d7       30%         4
 Iskenderun's Mystic Bla  Conj/Tloc      18%        2d6       30%         4
 Alistair's Intoxication  Tmut/Pois      2%         N/A       95%         5
 Invisibility             Hex            2%         N/A       100%        6


Dungeon Overview and Level Annotations

Branches:
Dungeon (6/15)             Temple (1/1) D:5

Altars:
Ashenzari
Cheibriados
Dithmenos
Elyvilon
Fedhas
Gozag
Hepliaklqana
Kikubaaqudgha
Makhleb
Nemelex Xobeh
Okawaru
Qazlal
Ru
Sif Muna
Trog
Uskayaw
Vehumet
Wu Jian
Yredelemnul
Zin
The Shining One

Shops:
D:2 =[![

Annotations:
D:5 2 transporters, Rallik's ghost, novice KoHu


Innate Abilities, Weirdness & Mutations

You have razor-sharp teeth.
Your natural rate of healing is unusually fast.
When hurt, damage is shared between your health and your magic reserves.
Your bite disrupts and absorbs the magic of your enemies.
Potions cannot restore your health.


Message History

A two-headed ogre comes into view. It is wielding two +0 giant clubs.
You can now pass through a line of other dancers.
You hit the gnoll.
You kill the gnoll!
Your Stealth skill increases to level 7!
You hit the troll but do no damage.
The troll is poisoned.
You bite the troll! You drain its power.
You feel invigorated.
The troll is lightly wounded.
The troll bites you! The troll claws you! The troll closely misses you.
The gnoll closely misses you.
You hit the troll.
The troll looks even sicker.
Your bite misses the troll.
The troll is lightly wounded.
The troll bites you but does no damage. The troll barely misses you.
The troll claws you but does no damage.
You hit the troll but do no damage.
The troll looks as sick as possible!
The troll is lightly wounded.
The gnoll barely misses you.
You barely miss the troll. Your bite misses the troll.
The troll is lightly wounded.
The troll bites you! The troll misses you. The troll closely misses you.
The gnoll hits you from afar with a +0 spear.
You hit the troll but do no damage.
The troll looks as sick as possible!
You bite the troll. You drain its power.
You feel invigorated.
The troll is moderately wounded.
The troll bites you! The troll misses you.
The troll claws you but does no damage. The gnoll completely misses you.
You closely miss the troll.
The troll is moderately wounded.
The troll bites you.
* * * LOW HITPOINT WARNING * * *
The troll closely misses you. The troll claws you but does no damage.
The gnoll hits you but does no damage.
There is an open door here.
There is a stone staircase leading up here.
The troll bites you.
* * * LOW HITPOINT WARNING * * *
The troll claws you.
* * * LOW HITPOINT WARNING * * *
The troll claws you!
You die...

*,###.......#...........# *,*
#.###.#†###.....###.# *,*
#.**#.#.# #.....###.##### *,*
*..>#.#.# #.#.#.........#
*,*##.#s#.#.# #.#.#####.#...#
*,,.......#.# #.#.# ##.....##
****#.......# #.#+####....P..#
###.##### #.........PP...# #.*
##@....#..♣P...### ##.#*
##T.....(#........##
##...####.........#..#......
#....O))O.........+.........
**##...####.........####....#.
*#......,,,##.......## #..#...
*.....##**,*##.....## #.##...
**#$###** *,* ##...## #.##.(.
*,#,***,* *,* ##'## #.###..


You could see a two-headed ogre and a troll (very poisoned).

Vanquished Creatures
  Grinder (D:6)
  Sigmund (D:5)
  Menkaure (D:6)
  A steam dragon (D:6)
  Edmund (D:5)
  A black bear (D:5)
  3 ogres
  2 scorpions
  A gnoll sergeant (D:6)
  An orc priest (D:3)
  2 hounds
  A jelly (D:5)
  2 centaur skeletons (D:5)
  2 iguanas
  3 orc wizards (D:5)
  Natasha (twice) (D:3)
  A hound zombie (D:5)
  A hound skeleton (D:5)
  3 gnolls (D:6)
  7 adders
  2 white imps (D:6)
  2 ufetubi (D:5)
  A dart slug (D:2)
  26 orcs
  5 ball pythons
  7 bats
  4 endoplasms
  4 giant cockroaches
  8 goblins
  5 hobgoblins
  10 jackals
  8 kobolds
  3 quokkas
  10 frilled lizards
  9 rats
141 creatures vanquished.

Vanquished Creatures (others)
  7 plants (D:1)
7 creatures vanquished.

Grand Total: 148 creatures vanquished

Notes
Turn   | Place    | Note
-------+----------+-------------------------------------------
     0 | D:1      | Zonian the Vine Stalker Conjurer began the quest for the
                  | Orb.
     0 | D:1      | Reached XP level 1. HP: 9/9 MP: 4/4
   149 | D:1      | Reached XP level 2. HP: 13/13 MP: 3/6
   683 | D:1      | Reached XP level 3. HP: 17/17 MP: 4/7
  1097 | D:1      | Reached skill level 3 in Stealth
  1568 | D:1      | Found a faded altar of an unknown god.
  1877 | D:2      | Found Qaleloe's Armour Emporium.
  2097 | D:2      | Found Lohyck's Antique Armour Shoppe.
  2223 | D:2      | Reached skill level 1 in Fighting
  2344 | D:2      | Found a glowing golden altar of the Shining One.
  2362 | D:2      | Gained mutation: Your natural rate of healing is unusually
                  | fast. [Vine Stalker growth]
  2362 | D:2      | Reached XP level 4. HP: 22/22 MP: 1/8
  2631 | D:2      | Reached skill level 1 in Short Blades
  2663 | D:2      | Found Wuepir's Distillery.
  2663 | D:2      | Found Feteshex's Jewellery Emporium.
  3230 | D:3      | Reached XP level 5. HP: 25/25 MP: 2/10
  3644 | D:3      | Noticed Natasha
  3651 | D:3      | Killed Natasha
  3652 | D:3      | Reached skill level 4 in Stealth
  3899 | D:3      | Found a burning altar of Makhleb.
  3899 | D:3      | Found a hazy altar of Hepliaklqana.
  3899 | D:3      | Found an ornate altar of the Wu Jian Council.
  3899 | D:3      | Found a white marble altar of Elyvilon.
  3905 | D:3      | Noticed Natasha
  3913 | D:3      | Killed Natasha
  4275 | D:4      | Found an opulent altar of Gozag.
  4297 | D:4      | Reached XP level 6. HP: 24/30 MP: 8/11
  4311 | D:4      | Learned a level 2 spell: Searing Ray
  5009 | D:5      | Entered Level 5 of the Dungeon
  5040 | D:5      | Found a glowing golden altar of the Shining One.
  5040 | D:5      | Found a blossoming altar of Fedhas.
  5092 | D:5      | Found a staircase to the Ecumenical Temple.
  5124 | D:5      | Noticed Edmund
  5147 | D:5      | Killed Edmund
  5148 | D:5      | Reached XP level 7. HP: 12/35 MP: 2/13
  5304 | Temple   | Entered the Ecumenical Temple
  5537 | D:5      | Found a transporter.
  5549 | D:5      | Reached skill level 5 in Stealth
  5771 | D:5      | Noticed Rallik's ghost (novice KoHu)
  5787 | D:5      | Found a transporter.
  6079 | D:5      | Found a hide-covered altar of Uskayaw.
  6108 | D:5      | Became a worshipper of Uskayaw the Reveller
  6177 | D:5      | Reached * piety under Uskayaw
  6335 | D:5      | Reached ** piety under Uskayaw
  6348 | D:5      | Reached skill level 1 in Invocations
  6348 | D:5      | Gained mutation: You have razor-sharp teeth. [Vine Stalker
                  | growth]
  6348 | D:5      | Reached XP level 8. HP: 29/40 MP: 7/14
  6348 | D:5      | Reached *** piety under Uskayaw
  6798 | D:5      | Noticed Sigmund
  6807 | D:5      | Killed Sigmund
  6836 | D:5      | Reached skill level 6 in Stealth
  6868 | D:5      | Reached skill level 5 in Conjurations
  7122 | D:6      | Noticed Grinder
  7131 | D:6      | Killed Grinder
  7911 | D:6      | Noticed Menkaure
  7916 | D:6      | Killed Menkaure
  8122 | D:6      | Reached XP level 9. HP: 17/45 MP: 4/15
  8370 | D:6      | Noticed a troll
  8377 | D:6      | Noticed a two-headed ogre
  8379 | D:6      | Reached skill level 7 in Stealth
  8389 | D:6      | Slain by a troll

Illustrated notes

Levels and vault maps discovered:
D:1:      evilmike_arrival_hilbert_curve, layout_basic,
          shapermc_ecumenical_altar_mp_vishouse, kennysheep_nondescript,
          minmay_misc_feat_room, minmay_lizard_king
D:2:      layout_loops_ring, serial_shops, shop, nicolae_shop_waterfront, shop,
          nicolae_shop_statue_plus, basic_altar
D:3:      layout_basic, grunt_temple_overflow_cloverleaf, uniq_natasha
D:4:      layout_cave_pools, old_standard_altar
D:5:      layout_gridville, amethyst_overflow_temple_binary, kennysheep_mini,
          minmay_temple_entry_junction, gammafunk_ghost_stat_death, uniq_edmund,
          uniq_sigmund
D:6:      minmay_cornered_nines, layout_loops_corners, gammafunk_ghost_split,
          kennysheep_decorative_pillar, serial_park_tiny_2,
          chequers_serial_rivers_room_b, uniq_pikel, uniq_grinder, uniq_menkaure
Temple:   dshaligram_water_room_temple

Skill      XL: |  1  2  3  4  5  6  7  8  9 |
---------------+----------------------------+-----
Stealth        | 3 4 5 6 7 |  7.0
Fighting       | 1 2 3 4 |  4.2
Short Blades   | 1 2 3 4 |  4.1
Dodging        | 2 3 4 |  4.2
Spellcasting   | 3 |  3.9
Invocations    | 1 2 3 |  3.0
Conjurations   | 5 |  5.6

Action                   |  1- 3 |  4- 6 |  7- 9 || total
-------------------------+-------+-------+-------++-------
Melee: Dagger            |    49 |   110 |   172 ||   331
       Bite              |     9 |    21 |    42 ||    72
 Cast: Magic Dart        |    65 |    42 |    24 ||   131
Evoke: Wand              |       |       |     3 ||     3
  Use: Scroll            |       |    12 |     4 ||    16
       Potion            |       |       |     1 ||     1
 Stab: Sleeping          |     2 |     4 |     5 ||    11
       Paralysed         |       |       |     2 ||     2
Armor: Robe              |    11 |    12 |    34 ||    57
Dodge: Dodged            |    22 |    50 |   124 ||   196

Table legend: (Time is in decaauts)
 A = Elapsed time spent in this place.
 B = Non-inter-level travel time spent in this place.
 C = Inter-level travel time spent in this place.
 D = Time resting spent in this place.
 E = Time spent auto-exploring this place.
 F = Levels seen in this place.
 G = Mean time per level.
                   A        B        C        D        E       F      G
               +--------+--------+--------+--------+--------+-----+--------+
         Total |   8349 |   8280 |     69 |   3040 |   4238 |   7 | 1192.7 |
       Dungeon |   8148 |   8079 |     69 |   3040 |   4162 |   6 | 1358.0 |
        Temple |    200 |    200 |      0 |      0 |     76 |   1 |  200.0 |
               +--------+--------+--------+--------+--------+-----+--------+

Top non-repeatable levels by time:
     D:5: 1891 daAuts
     D:1: 1850 daAuts
     D:6: 1256 daAuts
     D:3: 1169 daAuts
     D:2: 1133 daAuts
     D:4: 847 daAuts
  Temple: 200 daAuts
